 Dungeon Crawl Stone Soup version 0.18.1-8-gdd0e5ea (webtiles) character file.

22 Lok the Skirmisher (level 2, -18/20 HPs)
             Began as a Gargoyle Fighter on May 29, 2016.
             Demolished by a kobold
             ... wielding a +1 mace of distortion
              (21 damage)
             ... on level 1 of the Dungeon.
             The game lasted 00:07:22 (708 turns).

Lok the Skirmisher (Gargoyle Fighter)                Turns: 708, Time: 00:07:23

Health: -18/20     AC:  9    Str: 19    XL:     2   Next: 91%
Magic:  2/2        EV:  7    Int: 13    God:
Gold:   13         SH:  9    Dex:  9    Spells: 0 memorised, 1 level left

rFire  . . .     SeeInvis .     a - +0 flail
rCold  . . .     Gourm    .     b - +0 scale mail
rNeg   + . .     Faith    .     c - +0 shield
rPois  ∞         Spirit   .     (no helmet)
rElec  +         Dismiss  .     (no cloak)
rCorr  .         Reflect  .     (no gloves)
SustAt .         Harm     .     (no boots)
MR     .....                    (no amulet)
Stlth  ..........               (no ring)
                                (no ring)

@: brilliant, very slightly contaminated, not resistant to hostile enchantments,
extremely unstealthy
A: negative energy resistance 1, electricity resistance, unbreathing,
petrification resistance, rot immunity, AC +2
a: no special abilities


You were on level 1 of the Dungeon.
You were not hungry.

You visited 1 branch of the dungeon, and saw 1 of its levels.

You collected 13 gold pieces.

Inventory:

Hand Weapons
 a - a +0 flail (weapon)
Missiles
 h - 51 stones (quivered)
Armour
 b - a +0 scale mail (worn)
 c - a +0 shield (worn)
 l - a +0 leather armour
Comestibles
 f - 2 bread rations
 g - a royal jelly
 i - a meat ration
 k - 5 fruits


   Skills:
 + Level 4.1 Fighting
 + Level 2.4 Maces & Flails
 - Level 3.2 Armour
 - Level 3.3 Shields


You had one spell level left.
You didn't know any spells.

Dungeon Overview and Level Annotations

Branches:
Dungeon (1/15)

Altars:
Nemelex Xobeh


Innate Abilities, Weirdness & Mutations

You are resistant to torment.
Your stone body is resilient (AC +2).
You are immune to poison.
You resist negative energy.
You are resistant to electric shocks.
You can survive without breathing.
You are immune to petrification.
You are immune to rotting.


Message History

You block the bat's attack. The goblin barely misses you.
You block the kobold's attack. You block the bat's attack.
The kobold barely misses you. The bat barely misses you.
The bat hits you but does no damage. The kobold hits you but does no damage.
You blink.
A bat comes into view.
A hobgoblin comes into view.
The hobgoblin shouts!
The bat hits you but does no damage. x2
Found a stone staircase leading down.
You block the bat's attack. x2; The bat barely misses you.
The bat hits you but does no damage. The bat barely misses you.
You block the bat's attack. The bat hits you but does no damage.
You block the bat's attack.
The kobold hits you with a mace of distortion.
* * * LOW HITPOINT WARNING * * *
Space warps horribly around you!
Ouch! That really hurt!
You die...

.........# #
#........#### .
#........... #
#..........##
#...........
#.........#
#.>..g....###
#..bb@# .
##...K.# ####
##⌠.⌠.g.# ....
#.._....## ##.
#.⌠.⌠#...## #..
#...##....##
###..
##..........##.##
.#..>.
#........w.......
...#..
.................
......


You could see a dart slug, a hobgoblin, a goblin, 2 bats and a kobold.

Vanquished Creatures
  A giant gecko (D:1)
  4 bats (D:1)
  A giant cockroach (D:1)
  3 goblins (D:1)
  A hobgoblin (D:1)
  4 jackals (D:1)
  2 giant newts (D:1)
  A rat (D:1)
17 creatures vanquished.

Vanquished Creatures (others)
  A giant cockroach (D:1)
  A rat (D:1)
2 creatures vanquished.

Grand Total: 19 creatures vanquished

Notes
Turn   | Place    | Note
--------------------------------------------------------------
     0 | D:1      | Lok the Gargoyle Fighter began the quest for the Orb.
     0 | D:1      | Reached XP level 1. HP: 14/14 MP: 1/1
   181 | D:1      | Reached XP level 2. HP: 19/20 MP: 2/2
   427 | D:1      | Reached skill level 4 in Fighting
   692 | D:1      | Found a sparkling altar of Nemelex Xobeh.
   708 | D:1      | Demolished by a kobold

Skill      XL: |  1  2 |
---------------+-------+-----
Fighting       | 4 |  4.1
Maces & Flails | |  2.4
Armour         | |  3.2
Shields        | |  3.3

Action                   || total
-------------------------++-------
Melee: Flail             ||    88
  Use: Potion            ||     3
       Scroll            ||     2
Armor: Scale mail        ||   167
Dodge: Dodged            ||    99
Block: Shield            ||   139
